 Dungeon Crawl Stone Soup version 0.30-a0-190-g22c9a3c0ff (webtiles) character file.

Game seed: 5198173809448754224

46 910rd the Gusty (level 3, -3/21 HPs)
             Began as a Tengu Air Elementalist on Oct 4, 2022.
             Slain by a gnoll
             ... wielding a +0 flail
              (4 damage)
             ... on level 2 of the Dungeon.
             The game lasted 00:05:08 (1197 turns).

910rd the Gusty (Tengu Air Elementalist)            Turns: 1197, Time: 00:05:09

Health: -3/21      AC:  2    Str:  8    XL:     3   Next: 66%
Magic:  1/7        EV: 12    Int: 17    God:
Gold:   98         SH:  0    Dex: 14    Spells: 0/6 levels left

rFire   . . .      SeeInvis .    k - +0 dagger (speed)
rCold   . . .      Faith    .    (no shield)
rNeg    . . .      Spirit   .    a - +0 robe
rPois   .          Reflect  .    (helmet restricted)
rElec   .          Harm     .    (no cloak)
rCorr   .          Rampage  .    (no gloves)
Will    .....                    (boots unavailable)
Stlth   ++........               (no amulet)
HPRegen 0.23/turn                (no ring)
MPRegen 0.10/turn                (no ring)

@: attractive
A: beak, talons 3
a: no special abilities


You were on level 2 of the Dungeon.
You visited 1 branch of the dungeon, and saw 2 of its levels.

You collected 98 gold pieces.

Inventory:

Hand Weapons
 c - a +0 club
 k - a +0 dagger of speed (weapon)
Missiles
 g - a throwing net
Armour
 a - a +0 robe (worn)
Magical Staves
 d - a staff of earth
Scrolls
 e - 2 scrolls of amnesia {unknown}
 f - a scroll of enchant armour {unknown}
 j - 3 scrolls of identify {unknown}
 l - a scroll of noise {unknown}
 m - a scroll of enchant weapon {unknown}
Potions
 b - 2 potions of magic
 i - a potion of curing {unknown}


   Skills:
 - Level 2.0 Fighting
 - Level 2.1 Dodging
 - Level 2.0 Stealth
 - Level 2.0 Spellcasting
 - Level 1.3 Conjurations
 + Level 5.2 Air Magic


You couldn't memorise any spells.
You knew the following spells:

 Your Spells              Type           Power      Damage    Failure   Level
a - Shock                 Conj/Air       48%        1d6       4%          1
b - Static Discharge      Conj/Air       24%        2-3/arc   8%          2
c - Swiftness             Air            19%        N/A       7%          3

Your spell library contained the following spells:

 Spells                   Type           Power      Damage    Failure   Level
 Summon Small Mammal      Summ           4%         N/A       19%         1
 Airstrike                Air            9%         2d(2-18)  22%         4
 Wereblood                Tmut           1%         N/A       28%         2
 Call Canine Familiar     Summ           1%         N/A       50%         3
 Summon Guardian Golem    Hex/Summ       1%         N/A       50%         3
 Petrify                  Tmut/Erth      1%         N/A       88%         4
 Lee's Rapid Deconstruct  Erth           0%         3d5*      99%         5
 Shatter                  Erth           0%         3d5*      100%        9


Dungeon Overview and Level Annotations

Branches:
Dungeon (2/15) Zot: 10803

Altars:
Xom


Innate Abilities, Weirdness & Mutations

You have a beak for a mouth.
You have claws for feet.


Message History

Aiming: Shock (safe; 4% risk of failure)
Press: ? - help, Shift-Dir - straight line, f - endoplasm, p - gnoll
Aim: an endoplasm (97% to hit)
The zap hits the gnoll.
The gnoll is moderately wounded.
The zap misses the gnoll.
The zap hits the endoplasm.
You kill the endoplasm!
You now have 4/7 mp.
The gnoll barely misses you.
Casting: Shock (safe; 4% risk of failure)
Confirm with . or Enter, or press ? or * to list all spells.
The gnoll is struck by an arc of lightning.
The gnoll is heavily wounded.
The gnoll is struck by an arc of lightning.
The gnoll is almost dead.
The gnoll is struck by an arc of lightning.
The gnoll is severely wounded.
The lightning grounds out.
The gnoll barely misses you.
The gnoll hits you from afar with a +0 spear.
You take 4 damage, and have 17/21 hp.
You now have 2/7 mp.
Casting: Static Discharge (safe; 8% risk of failure)
Confirm with . or Enter, or press ? or * to list all spells.
The gnoll is struck by an arc of lightning.
The gnoll is almost dead.
The gnoll is struck by an arc of lightning.
The gnoll is heavily wounded.
The lightning grounds out.
The gnoll closely misses you.
The gnoll hits you from afar with a +0 spear!
* * * LOW HITPOINT WARNING * * *
You take 7 damage, and have 10/21 hp.
MASSIVE DAMAGE!!
You now have 0/7 mp.
The gnoll attacks as you move away! The gnoll hits you with a +0 flail.
* * * LOW HITPOINT WARNING * * *
You take 1 damage, and have 9/21 hp.
The gnoll attacks as you move away! The gnoll hits you with a +0 flail!
* * * LOW HITPOINT WARNING * * *
You take 8 damage, and have 1/21 hp.
MASSIVE DAMAGE!!
It was a potion of attraction.
You feel attractive to monsters. The gnoll barely misses you.
The gnoll hits you with a +0 flail.
You die...

##### ..... . ##### $.
###### ... #..... ....
#..... ..... #.....
...?..################.....
.....gg.gg@..........+.....
......#######.########.....
..... #..## #..... ####
##..# #..... ##.###########
#.#......... #...........
##.......... #......>...


You could see 4 gnolls.

Vanquished Creatures
  An adder (D:2)
  2 dart slugs (D:1)
  An orc (D:2)
  A ball python (D:2)
  4 endoplasms
  2 giant cockroaches
  3 goblins
  3 hobgoblins (D:1)
  A kobold (D:1)
  A quokka (D:1)
  6 bats
  A frilled lizard (D:1)
  3 rats
29 creatures vanquished.

Notes
Turn   | Place    | Note
-------+----------+-------------------------------------------
     0 | D:1      | 910rd the Tengu Air Elementalist began the quest for the
                  | Orb.
     0 | D:1      | Reached XP level 1. HP: 10/10 MP: 4/4
    94 | D:1      | Reached XP level 2. HP: 15/15 MP: 3/6
   122 | D:1      | Learned a level 2 spell: Static Discharge
   202 | D:1      | Reached skill level 5 in Air Magic
   343 | D:1      | Reached skill level 1 in Fighting
   547 | D:1      | Reached XP level 3. HP: 20/20 MP: 4/7
   551 | D:1      | Learned a level 3 spell: Swiftness
   650 | D:1      | Found a faded altar of an unknown god.
   696 | D:1      | Got Aceah's Folio of Stony Moulding
  1056 | D:2      | Found a shimmering altar of Xom.
  1196 | D:2      | HP: 1/21 [gnoll/+0 flail (8)]
  1197 | D:2      | Slain by a gnoll

Illustrated notes

Levels and vault maps discovered:
D:1:      pf_arrival_petrified_forest, layout_loops_ring,
          chequers_ecumenical_altar_simple, minmay_misc_feat_secret_circle,
          palyth_stone_intersect, dk_noncrumbling_4
D:2:      layout_basic, basic_altar

Skill      XL: |  1  2  3 |
---------------+----------+-----
Air Magic      | 5 |  5.2
Fighting       | 1 2 |  2.0
Dodging        | |  2.1
Stealth        | |  2.0
Spellcasting   | |  2.0
Conjurations   | |  1.3

Action                   || total
-------------------------++-------
Melee: Club              ||    10
       Kick              ||     6
       Peck              ||     6
       Dagger            ||     8
 Cast: Shock             ||    39
       Static Discharge  ||     6
  Use: Potion            ||     1
Armor: Robe              ||    10
Dodge: Dodged            ||    39

Table legend: (Time is in decaauts)
 A = Elapsed time spent in this place.
 B = Non-inter-level travel time spent in this place.
 C = Inter-level travel time spent in this place.
 D = Time resting spent in this place.
 E = Time spent auto-exploring this place.
 F = Levels seen in this place.
 G = Mean time per level.
                   A        B        C        D        E       F      G
               +--------+--------+--------+--------+--------+-----+--------+
         Total |   1195 |   1165 |     30 |     71 |    887 |   2 |  597.5 |
       Dungeon |   1195 |   1165 |     30 |     71 |    887 |   2 |  597.5 |
               +--------+--------+--------+--------+--------+-----+--------+

Top non-repeatable levels by time:
     D:1: 940 daAuts
     D:2: 255 daAuts
